 Dungeon Crawl Stone Soup version 0.20.1-1-g8b1a95d (webtiles) character file.

192 Linguinho the Skirmisher (level 5, -4/42 HPs)
             Began as a Demonspawn Fighter on Nov 12, 2017.
             Slain by a gnoll
             ... wielding a +0 halberd
              (7 damage)
             ... on level 4 of the Dungeon.
             The game lasted 00:05:39 (2534 turns).

Linguinho the Skirmisher (Demonspawn Fighter)       Turns: 2534, Time: 00:05:40

Health: -4/42      AC:  7    Str: 17    XL:     5   Next: 42%
Magic:  0/5        EV:  7    Int: 10    God:
Gold:   141        SH:  9    Dex: 12    Spells: 4/4 levels left

rFire    . . .     SeeInvis .   a - +0 war axe
rCold    . . .     Gourm    .   c - +0 shield
rNeg     . . .     Faith    .   b - +0 scale mail
rPois    .         Spirit   +   o - +0 helmet
rElec    .         Reflect  .   (no cloak)
rCorr    .         Harm     .   (no gloves)
MR       .....                  (no boots)
Stlth    ..........             (no amulet)
Regen    0.2/turn               (no ring)
MPRegen  0.2/turn               (no ring)

@: no status effects
A: demonic guardian 1, magic shield, magic regeneration
a: no special abilities


You were on level 4 of the Dungeon.
You were hungry.

You visited 1 branch of the dungeon, and saw 4 of its levels.

You collected 141 gold pieces.

Inventory:

Hand Weapons
 a - a +0 war axe (weapon)
 i - a +2 dagger of speed
 l - a +1 short sword of draining
Armour
 b - a +0 scale mail (worn)
 c - a +0 shield (worn)
 o - a +0 helmet (worn)
Jewellery
 m - an uncursed ring of resist corrosion {unknown}
Scrolls
 j - 3 scrolls of identify {unknown}
 n - a scroll of magic mapping {unknown}
 p - a scroll of blinking {unknown}
 t - 2 scrolls of remove curse {unknown}
 u - a scroll of immolation {unknown}
 v - a scroll of enchant weapon {unknown}
Potions
 d - a potion of might
 e - 2 potions of heal wounds {unknown}
 g - a potion of curing {unknown}
 k - a potion of ambrosia {unknown}
 r - a potion of brilliance {unknown}
 s - a potion of agility
 x - a potion of haste
Comestibles
 f - a bread ration
 h - 3 fruits
 q - a meat ration


   Skills:
 + Level 3.8 Fighting
 + Level 3.6 Axes
 + Level 3.1 Armour
 + Level 1.0 Dodging
 + Level 0.4 Stealth
 + Level 3.2 Shields


You had 4 spell levels left.
You didn't know any spells.

Dungeon Overview and Level Annotations

Branches:
Dungeon (4/15)
 Temple: D:4-7

Altars:
Fedhas
Zin

Annotations:
D:3 1 runed door, Sigmund
D:4 Dowan, Duvessa


Innate Abilities, Weirdness & Mutations

A weak demonic guardian rushes to your aid.
When hurt, damage is shared between your health and your magic reserves.
You regenerate magic rapidly.


Message History

As you open the door, it creaks loudly! 2 gnolls come into view.
The gnoll shouts!
The orc wizard barely misses your iron imp.
A gnoll comes into view.
The gnoll shouts!
There is an open door here.
The orc wizard barely misses your iron imp.
Found a robe.
The gnoll hits you from afar with a halberd!
* * * LOW HITPOINT WARNING * * *
The orc wizard hits your iron imp but does no damage.
Found 14 gold pieces.
You block the gnoll's attack. Something hits your iron imp. The gnoll hits you.
* * * LOW HITPOINT WARNING * * *
The gnoll hits you.
* * * LOW HITPOINT WARNING * * *
The gnoll hits you from afar with a halberd!
You die...

###########
#.........#
#$........#
+.........+
#.......g.#
#.....gg..############
+.[...@...'..5.o.....#
#.........##########e#
########### #.## #...
#..# #########5.#
#..)........
#........e..
#...........


You could see 3 gnolls and a friendly iron imp.

Vanquished Creatures
  Robin (D:2)
  7 adders
  An adder skeleton (D:2)
  An adder zombie (D:2)
  2 worms (D:2)
  2 leopard geckos
  3 orcs
  3 bats (D:1)
  A bat zombie (D:2)
  6 giant cockroaches
  18 goblins
  9 hobgoblins
  4 jackals (D:3)
  2 frilled lizards
  4 kobolds
  A leopard gecko skeleton (D:2)
  A quokka skeleton (D:2)
  11 rats
77 creatures vanquished.

Vanquished Creatures (collateral kills)
  An adder (D:3)
1 creature vanquished.

Vanquished Creatures (others)
  An orc wizard (D:4)
1 creature vanquished.

Grand Total: 79 creatures vanquished

Notes
Turn   | Place    | Note
-------+----------+-------------------------------------------
     0 | D:1      | Linguinho the Demonspawn Fighter began the quest for the Orb.
     0 | D:1      | Reached XP level 1. HP: 18/18 MP: 1/1
    81 | D:1      | Gained mutation: When hurt, damage is shared between your health and your magic reserves. [demonic ancestry]
    81 | D:1      | Reached XP level 2. HP: 24/24 MP: 2/2
   515 | D:1      | Gained mutation: You regenerate magic rapidly. [demonic ancestry]
   515 | D:1      | Reached XP level 3. HP: 29/29 MP: 3/3
  1113 | D:2      | Reached XP level 4. HP: 16/36 MP: 4/4
  1314 | D:2      | Noticed Robin
  1376 | D:2      | Killed Robin
  1588 | D:2      | Reached skill level 1 in Dodging
  1665 | D:2      | Found a blossoming altar of Fedhas.
  2014 | D:3      | Gained mutation: A weak demonic guardian rushes to your aid. [demonic ancestry]
  2014 | D:3      | Reached XP level 5. HP: 19/42 MP: 5/5
  2255 | D:3      | Found a glowing silver altar of Zin.
  2255 | D:3      | Noticed an angel
  2261 | D:3      | Found a runed door.
  2304 | D:3      | Noticed Sigmund
  2464 | D:4      | Noticed Dowan
  2472 | D:4      | Noticed Duvessa
  2534 | D:4      | Slain by a gnoll

Skill      XL: |  1  2  3  4 |
---------------+-------------+-----
Axes           | 2 3 |  3.6
Armour         | 3 |  3.1
Shields        | 3 |  3.2
Dodging        | 1 |  1.0
Fighting       | |  3.8
Stealth        | |  0.4

Action                   |  1- 3 |  4- 6 || total
-------------------------+-------+-------++-------
Melee: War axe           |   113 |   145 ||   258
  Eat: Chunk             |       |     5 ||     5
Armor: Scale mail        |    58 |    95 ||   153
Dodge: Dodged            |    29 |    60 ||    89
Block: Shield            |    66 |    80 ||   146
